[Event "TCEC Season 22 - Qualification League"]
[Site "https://tcec-chess.com"]
[Date "2022.02.01"]
[Round "11.6"]
[White "Counter 4.0"]
[Black "ChessFighter 3.10.1"]
[Result "1/2-1/2"]
[ECO "D37"]
[WhiteElo "3300"]
[BlackElo "3242"]
[Annotator "NA RC"]
[PlyCount "193"]
[EventDate "2022.??.??"]
[SourceTitle "playchess.com"]
[Source "ChessBase"]
[SourceQuality "1"]
[TimeControl "1800+5"]

1. d4 Nf6 2. c4 e6 3. Nf3 Be7 4. Nc3 d5 5. Bf4 O-O 6. e3 Nbd7 7. Be2 dxc4 8. Bxc4 a6 9. a4 c5 10. dxc5 Nxc5 11. O-O Qa5 12. Be2 Bd7 13. Ne5 Qb4 14. Qc2 Rfd8 15. Nxd7 Nfxd7 16. Rfd1 Nb3 17. Rab1 Ndc5 18. Bf3 h6 19. h3 Bf6 20. Bd6 Rac8 21. Ne4 Nxe4 22. Qxe4 Qxe4 23. Bxe4 b5 24. axb5 axb5 25. g3 h5 26. Kg2 h4 27. gxh4 Rc4 28. Bf3 Rc2 29. Bb4 Nd2 30. Ba5 Nxb1 31. Bxd8 Nd2 32. Bxf6 gxf6 33. b4 Rb2 34. Bc6 Nc4 35. Kg3 Rxb4 36. Rd4 Rb3 37. Be8 Ne5 38. Rd8 Kg7 39. Rb8 Rb1 40. Kg2 b4 41. Rb7 b3 42. Ba4 b2 43. Bc2 Rc1 44. Rxb2 f5 45. Bb3 f4 46. Rc2 Rb1 47. exf4 Nd3 48. Rc3 Nxf4+ 49. Kf3 Ng6 50. Kg3 Ne7 51. Bc2 Rg1+ 52. Kh2 Rc1 53. Rg3+ Kh6 54. Ba4 Nf5 55. Rg4 Rc8 56. Rb4 Kg7 57. Bd1 Rd8 58. Bf3 Rd2 59. Kg2 Kh6 60. Kf1 Rd4 61. Rxd4 Nxd4 62. Bg4 e5 63. Kg2 f5 64. Bd1 Ne6 65. Kf3 Nf4 66. Ba4 Nxh3 67. Be8 Nf4 68. Bd7 Kg6 69. Kg3 Kf6 70. Kf3 Ng6 71. Kg3 Nf4 72. Kf3 Ng6 73. Kg3 Ne7 74. Kf3 Kg6 75. Kg3 Nd5 76. Kf3 Nf6 77. Be6 f4 78. Kg2 e4 79. Kh3 Kg7 80. Bc4 Kg6 81. Be6 Kh6 82. Bg4 Kg7 83. Bf5 Kh6 84. Bg4 Kh7 85. Bf5+ Kg7 86. Bc8 Kf7 87. Ba6 Kg6 88. Bc8 Kh7 89. Ba6 Kg6 90. Bb7 Kf5 91. Bc8+ Ke5 92. Ba6 Kf5 93. Bc8+ Ke5 94. Ba6 Kd4 95. h5 Nxh5 96. Kg4 e3 97. fxe3+ 1/2-1/2

[Event "TCEC Season 22 - Qualification League"]
[Site "https://tcec-chess.com"]
[Date "2022.02.01"]
[Round "11.7"]
[White "Mantissa 3.3.0"]
[Black "Chiron 5.01"]
[Result "1/2-1/2"]
[ECO "E15"]
[WhiteElo "3289"]
[BlackElo "3417"]
[Annotator "NA RC"]
[PlyCount "84"]
[EventDate "2022.??.??"]
[SourceTitle "playchess.com"]
[Source "ChessBase"]
[SourceQuality "1"]
[TimeControl "1800+5"]

1. d4 Nf6 2. c4 e6 3. Nf3 b6 4. g3 Ba6 5. Nbd2 c5 6. e4 cxd4 7. e5 Ng4 8. h3 Nh6 9. Bg2 Nc6 10. O-O Nf5 11. a3 Be7 12. g4 Nh4 13. Nxh4 Bxh4 14. b4 Bb7 15. Ne4 Be7 16. Bf4 Qb8 17. Bg3 Nxe5 18. Qxd4 f6 19. Rfe1 a5 20. Nxf6+ gxf6 21. Rxe5 fxe5 22. Bxe5 d6 23. Bxh8 Bxg2 24. Kxg2 Qb7+ 25. f3 axb4 26. axb4 e5 27. Rxa8+ Qxa8 28. Qxb6 Qa2+ 29. Qf2 Qxc4 30. b5 Qxb5 31. Bg7 Qd3 32. Bh6 Bd8 33. Kg3 d5 34. Qb2 Bc7 35. Qb7 Kd7 36. Kf2 e4 37. fxe4 dxe4 38. Be3 Qc2+ 39. Ke1 Qd3 40. Qa7 Qb1+ 41. Kf2 Kc8 42. Qa8+ Kd7 1/2-1/2

[Event "TCEC Season 22 - Qualification League"]
[Site "https://tcec-chess.com"]
[Date "2022.02.01"]
[Round "12.1"]
[White "Asymptote 0.9-dev_20220126"]
[Black "Chiron 5.01"]
[Result "*"]
[ECO "D00"]
[WhiteElo "3226"]
[BlackElo "3417"]
[Annotator "NA RC"]
[PlyCount "139"]
[EventDate "2022.??.??"]
[SourceTitle "playchess.com"]
[Source "ChessBase"]
[SourceQuality "1"]
[TimeControl "1800+5"]

1. d4 d5 2. c4 c6 3. Nf3 Nf6 4. cxd5 cxd5 5. Nc3 Nc6 6. Bf4 Bf5 7. Qb3 Na5 8. Qa4+ Bd7 9. Qc2 e6 10. e3 Rc8 11. Bd3 b5 12. a3 a6 13. O-O Be7 14. Rfc1 Nc4 15. a4 O-O 16. Qb1 Qb6 17. axb5 axb5 18. h3 Rfd8 19. Ne5 Be8 20. b3 Na3 21. Qb2 Nd7 22. Nf3 Nf6 23. Ne5 Nd7 24. Nd1 b4 25. Qd2 Nxe5 26. Bxe5 Qb7 27. Nb2 Rxc1+ 28. Rxc1 Rc8 29. Qe1 Rc6 30. Qd1 Rc3 31. Kh1 Bb5 32. Ra1 Bc6 33. h4 Be8 34. h5 f6 35. Bg3 Qc8 36. Kg1 Bf8 37. Bh2 g6 38. hxg6 hxg6 39. Bf4 Qb7 40. Ra2 Qg7 41. Be2 g5 42. Bg3 Qg6 43. Bd3 Qh5 44. Be2 Qh7 45. Nd3 Bb5 46. Rd2 Be7 47. Bf1 Kf7 48. f3 Kg8 49. Bh2 Kh8 50. Bg3 Kg7 51. Be2 Qf5 52. Kf2 Qg6 53. Bf1 Kf7 54. Kg1 Bf8 55. Be2 Qh7 56. Bf1 Bh6 57. Bf2 g4 58. f4 Bf8 59. Be1 Bd6 60. Bf2 Qe4 61. Kh2 Be7 62. Be1 Rc8 63. Bf2 Rh8+ 64. Kg1 Rh6 65. Qe1 Qh7 66. Bg3 Rh1+ 67. Kf2 Nc4 68. bxc4 dxc4 69. Rd1 c3 70. e4 *

[Event "TCEC Season 22 - Qualification League"]
[Site "https://tcec-chess.com"]
[Date "2022.02.01"]
[Round "12.4"]
[White "Invictus r391b"]
[Black "BlackMarlin 5.0dev3"]
[Result "1/2-1/2"]
[ECO "B34"]
[WhiteElo "3251"]
[BlackElo "3356"]
[Annotator "NA RC"]
[PlyCount "117"]
[EventDate "2022.??.??"]
[SourceTitle "playchess.com"]
[Source "ChessBase"]
[SourceQuality "1"]
[TimeControl "1800+5"]

1. e4 c5 2. Nc3 Nc6 3. Nf3 g6 4. d4 cxd4 5. Nxd4 Bg7 6. Be3 Nf6 7. Be2 O-O 8. f4 d6 9. O-O Re8 10. a4 a6 11. Kh1 Qc7 12. Nb3 Be6 13. g4 Nb4 14. Bd4 Bxb3 15. cxb3 e5 16. fxe5 dxe5 17. Be3 Red8 18. Qb1 Qc8 19. g5 Nh5 20. Bxh5 gxh5 21. Rf3 Qg4 22. Qf1 Nc2 23. Rg3 Qe6 24. Rb1 h4 25. Rf3 b5 26. axb5 axb5 27. b4 Nxb4 28. Nxb5 Rab8 29. Nc3 Nc6 30. Qg2 Nd4 31. Rh3 Rdc8 32. Bd2 Rb3 33. Rxh4 Qa6 34. Rh3 Qe6 35. Rd3 Qc4 36. Qf1 Rcb8 37. Rd1 Rxb2 38. Nd5 Qa2 39. Nf6+ Bxf6 40. gxf6 Kh8 41. Qg1 Rg8 42. Rg3 Rxg3 43. Qxg3 Ne6 44. Bc1 Rb8 45. Qxe5 Qb3 46. Qh5 Qc3 47. Bh6 Rg8 48. Rf1 Rg6 49. Qb5 Qc8 50. Rc1 Qd8 51. Be3 Qxf6 52. Rf1 Qe7 53. Bd2 h6 54. Bc3+ Ng7 55. Qb8+ Kh7 56. Qe5 Qb7 57. Qf4 Rg5 58. Qf3 Kg8 59. Bf6 1/2-1/2

[Event "TCEC Season 22 - Qualification League"]
[Site "https://tcec-chess.com"]
[Date "2022.02.01"]
[Round "12.6"]
[White "tomitankChess 5.1"]
[Black "Bit-Genie 9.23"]
[Result "0-1"]
[ECO "D37"]
[WhiteElo "3008"]
[BlackElo "3305"]
[Annotator "NA"]
[PlyCount "126"]
[EventDate "2022.??.??"]
[SourceTitle "playchess.com"]
[Source "ChessBase"]
[SourceQuality "1"]
[TimeControl "1800+5"]

1. d4 Nf6 2. c4 e6 3. Nf3 d5 4. Nc3 dxc4 5. e4 Bb4 6. Bg5 h6 7. Bxf6 Qxf6 8. Bxc4 c5 9. e5 Qe7 10. O-O Bxc3 11. bxc3 O-O 12. Nd2 cxd4 13. cxd4 Qh4 14. f4 Nc6 15. Ne4 Qd8 16. Nd6 Qb6 17. Bd3 Nxd4 18. Rb1 Qc5 19. Rf2 Nf5 20. Qc1 Qxc1+ 21. Rxc1 Nxd6 22. exd6 Bd7 23. Be4 Rac8 24. Rfc2 Rxc2 25. Rxc2 b6 26. Rc7 Rd8 27. Rxa7 Be8 28. d7 Bxd7 29. Kf2 g5 30. Ke3 Kg7 31. fxg5 hxg5 32. Rb7 b5 33. g3 Be8 34. Bd3 Bc6 35. Rb6 Bd5 36. Rxb5 Ra8 37. Bb1 Kf6 38. Rb2 Ke5 39. Kf2 f5 40. Re2+ Kf6 41. Rd2 Ra3 42. Ke2 f4 43. gxf4 gxf4 44. Kf2 Ra5 45. Rb2 e5 46. Rb6+ Ke7 47. Rb2 Kd6 48. Rd2 Ke6 49. Re2 Ra4 50. Rb2 e4 51. Bc2 Ra7 52. Bb3 e3+ 53. Ke2 Bxb3 54. axb3 Kf5 55. Rc2 Kg4 56. Rb2 Re7 57. Ra2 f3+ 58. Ke1 Rc7 59. Kd1 Kh3 60. b4 f2 61. Ke2 Rc1 62. Kxe3 f1=Q 63. Ra3 Kxh2 0-1

[Event "TCEC Season 22 - Qualification League"]
[Site "https://tcec-chess.com"]
[Date "2022.02.01"]
[Round "12.7"]
[White "Cheese 3.0.1"]
[Black "Zahak 9.0"]
[Result "0-1"]
[ECO "B52"]
[WhiteElo "3031"]
[BlackElo "3332"]
[Annotator "NA"]
[PlyCount "202"]
[EventDate "2022.??.??"]
[SourceTitle "playchess.com"]
[Source "ChessBase"]
[SourceQuality "1"]
[TimeControl "1800+5"]

1. e4 c5 2. Nf3 d6 3. Bb5+ Bd7 4. Bxd7+ Qxd7 5. d3 e6 6. O-O Nf6 7. Bg5 Be7 8. e5 dxe5 9. Nxe5 Qc7 10. Nc4 b5 11. Ncd2 O-O 12. a4 b4 13. Nc4 h6 14. Bh4 Nc6 15. Bg3 Qd7 16. Nbd2 Rad8 17. Ne5 Nxe5 18. Bxe5 Qd5 19. Nc4 Nd7 20. Bf4 Bf6 21. a5 Ne5 22. Bxe5 Bxe5 23. Re1 Bd4 24. Re4 Qc6 25. Rg4 Qd7 26. Qd2 h5 27. Re4 Qb7 28. Qf4 g6 29. a6 Qc8 30. Ree1 Rd5 31. Qg3 Rfd8 32. Ra5 Rf5 33. Re2 e5 34. Ra1 Kg7 35. Kh1 h4 36. Qxh4 Rh5 37. Qg3 Rdh8 38. Kg1 Qf5 39. Nd6 Qe6 40. Nc4 Rxh2 41. Qxh2 Rxh2 42. Kxh2 g5 43. Kg1 g4 44. g3 Qd5 45. Rae1 Qf3 46. Re3 Bxe3 47. Nxe3 Kg6 48. Nc4 f6 49. b3 Kh5 50. Nd2 Qc6 51. Re4 Qxa6 52. Nf1 Qa1 53. Rc4 f5 54. Rxc5 Kg6 55. Rc7 a5 56. Rc6+ Kg7 57. Kg2 f4 58. Rc7+ Kf6 59. Rc6+ Ke7 60. gxf4 exf4 61. Kg1 Qd1 62. Rc7+ Ke6 63. Rc6+ Kd7 64. Rc4 f3 65. Rxg4 Qxc2 66. Rd4+ Ke6 67. Re4+ Kf6 68. Rf4+ Ke7 69. Re4+ Kf8 70. Rf4+ Ke7 71. Re4+ Kf8 72. Rf4+ Kg7 73. Rg4+ Kh6 74. Rh4+ Kg6 75. Rg4+ Kh6 76. Rh4+ Kg5 77. Rg4+ Kh5 78. Rg7 Kh6 79. Rg3 Qxb3 80. Rh3+ Kg7 81. Rg3+ Kh7 82. Rh3+ Kg6 83. Rg3+ Kf7 84. Rxf3+ Ke6 85. Re3+ Kd7 86. Rh3 a4 87. Rh7+ Kc6 88. Rh6+ Kc7 89. Rh7+ Kb6 90. Rh6+ Kc5 91. Rh3 Kd4 92. Ne3 Qxd3 93. Rh4+ Kc3 94. Ng2 Qd1+ 95. Kh2 Qf3 96. Rh7 Qxf2 97. Rc7+ Kb3 98. Kh3 Qf5+ 99. Kh4 Qf3 100. Ne1 Qc3 101. Kg5 Qxc7 0-1

[Event "TCEC Season 22 - Qualification League"]
[Site "https://tcec-chess.com"]
[Date "2022.02.01"]
[Round "13.1"]
[White "Zahak 9.0"]
[Black "Asymptote 0.9-dev_20220126"]
[Result "1-0"]
[ECO "B40"]
[WhiteElo "3332"]
[BlackElo "3226"]
[Annotator "NA"]
[PlyCount "136"]
[EventDate "2022.??.??"]
[SourceTitle "playchess.com"]
[Source "ChessBase"]
[SourceQuality "1"]
[TimeControl "1800+5"]

1. e4 c5 2. Nf3 e6 3. d4 cxd4 4. Nxd4 Nf6 5. Nc3 Bb4 6. e5 Nd5 7. Qg4 g6 8. Ndb5 Nc6 9. Qg3 O-O 10. a3 Be7 11. h4 a6 12. Nxd5 exd5 13. Nd6 Bxd6 14. exd6 Re8+ 15. Kd1 Qf6 16. h5 Ne5 17. a4 b6 18. Ra3 Bb7 19. Qh4 Qxh4 20. Rxh4 Re6 21. Rah3 Rae8 22. Bd2 gxh5 23. Rxh5 Ng4 24. Rf5 Rxd6 25. Bd3 d4 26. Rf4 Ne5 27. Bxh7+ Kg7 28. Bf5 Ng6 29. Rg4 Rh8 30. Bf4 Rxh3 31. Bxd6 Rh5 32. Bd3 b5 33. axb5 axb5 34. Bc7 Bc6 35. Kd2 Rd5 36. Bb6 Kh6 37. g3 Ne5 38. Rh4+ Kg7 39. Bxd4 Kg8 40. Bxe5 Rxe5 41. Kc3 Kf8 42. Rf4 Re8 43. Kb4 d6 44. Ka5 Bd7 45. Rb4 Rc8 46. c3 Ra8+ 47. Kb6 Be6 48. Bxb5 Ra2 49. Ba4 Ke7 50. Kc7 f6 51. Bb3 Bxb3 52. Rxb3 Ke6 53. c4 Ra4 54. Re3+ Kf5 55. b3 Ra6 56. f4 Kg6 57. b4 Kf5 58. b5 Ra4 59. Kxd6 Rxc4 60. Rb3 Rd4+ 61. Kc5 Rd8 62. b6 Re8 63. b7 Rb8 64. g4+ Ke4 65. Kc6 f5 66. gxf5 Kd4 67. Kc7 Re8 68. b8=Q Rxb8 1-0

[Event "TCEC Season 22 - Qualification League"]
[Site "https://tcec-chess.com"]
[Date "2022.02.02"]
[Round "14.1"]
[White "Asymptote 0.9-dev_20220126"]
[Black "ChessFighter 3.10.1"]
[Result "1-0"]
[ECO "D37"]
[WhiteElo "3226"]
[BlackElo "3242"]
[Annotator "NA RC"]
[PlyCount "155"]
[EventDate "2022.??.??"]
[SourceTitle "playchess.com"]
[Source "ChessBase"]
[SourceQuality "1"]
[TimeControl "1800+5"]

1. d4 Nf6 2. Nf3 d5 3. c4 e6 4. Nc3 Be7 5. Bf4 O-O 6. e3 Nbd7 7. Be2 dxc4 8. Bxc4 a6 9. a4 c5 10. O-O cxd4 11. Qxd4 b6 12. Ne5 Bc5 13. Qd3 Nxe5 14. Bxe5 Bb7 15. Qe2 Nd7 16. Bf4 Qh4 17. Bg3 Qg5 18. h4 Qg6 19. Rfd1 Ne5 20. Bb3 a5 21. Rab1 Kh8 22. Bc2 f5 23. Be4 fxe4 24. Bxe5 Ba6 25. Nb5 Rf5 26. Bd6 Rh5 27. Bxc5 bxc5 28. Rd6 Rxh4 29. Rbd1 Rg8 30. g3 Rh3 31. Qf1 Rh6 32. R1d2 Qh5 33. Qg2 Bb7 34. Rd7 Bd5 35. Rc7 Rf8 36. Rxc5 Qf7 37. Rc7 Qh5 38. Nc3 Ba8 39. Rdd7 Rg8 40. g4 Qh4 41. Rc5 Re8 42. Rxa5 e5 43. g5 Rhe6 44. Qg3 Qh5 45. Raa7 Rg6 46. Re7 Rd8 47. Rad7 Rf8 48. Rxe5 Kg8 49. b4 h6 50. Rc5 Bc6 51. Rd4 Bb7 52. b5 Bc8 53. Nxe4 Bb7 54. Qg2 Qe2 55. Ng3 Qa2 56. Qf1 Kh7 57. Qe2 Qa1+ 58. Qd1 Qa3 59. Qc2 Rf3 60. Rc7 Ba8 61. gxh6 Rfxg3+ 62. fxg3 Qxe3+ 63. Kf1 Qf3+ 64. Qf2 Qh1+ 65. Ke2 Bf3+ 66. Kd3 Qd1+ 67. Kc3 Qc1+ 68. Qc2 Qe3+ 69. Rd3 Qe5+ 70. Kb4 Rg4+ 71. Ka5 Be4 72. hxg7 Rxg7 73. Qh2+ Kg6 74. Rxg7+ Kxg7 75. Rd7+ Kg8 76. Qa2+ Bd5 77. Qxd5+ Qxd5 78. Rxd5 1-0

[Event "TCEC Season 22 - Qualification League"]
[Site "https://tcec-chess.com"]
[Date "2022.02.02"]
[Round "14.7"]
[White "Bit-Genie 9.23"]
[Black "Zahak 9.0"]
[Result "1/2-1/2"]
[ECO "B90"]
[WhiteElo "3305"]
[BlackElo "3332"]
[Annotator "NA RC"]
[PlyCount "68"]
[EventDate "2022.??.??"]
[SourceTitle "playchess.com"]
[Source "ChessBase"]
[SourceQuality "1"]
[TimeControl "1800+5"]

1. e4 c5 2. Nf3 d6 3. d4 cxd4 4. Nxd4 Nf6 5. Nc3 a6 6. h3 e6 7. g4 h6 8. Bg2 Be7 9. h4 g6 10. g5 hxg5 11. Bxg5 e5 12. Nb3 Bg4 13. Qd2 b5 14. f3 Be6 15. O-O-O Nbd7 16. f4 Rc8 17. Rde1 Nb6 18. Nd5 Nfxd5 19. exd5 Nc4 20. Bxe7 Qxe7 21. Qf2 Bd7 22. Nd4 O-O 23. b3 Qf6 24. Nc6 Na3 25. f5 Bxc6 26. dxc6 e4 27. Bxe4 d5 28. Bxd5 Rfd8 29. Qc5 Rxc6 30. Qxc6 Qa1+ 31. Kd2 Qd4+ 32. Kc1 Qa1+ 33. Kd2 Qd4+ 34. Kc1 Qa1+ 1/2-1/2

[Event "TCEC Season 22 - Qualification League"]
[Site "https://tcec-chess.com"]
[Date "2022.02.02"]
[Round "15.3"]
[White "Cheese 3.0.1"]
[Black "BlackMarlin 5.0dev3"]
[Result "0-1"]
[ECO "E47"]
[WhiteElo "3031"]
[BlackElo "3356"]
[Annotator "NA RC"]
[PlyCount "172"]
[EventDate "2022.??.??"]
[SourceTitle "playchess.com"]
[Source "ChessBase"]
[SourceQuality "1"]
[TimeControl "1800+5"]

1. d4 e6 2. c4 Nf6 3. Nc3 Bb4 4. e3 O-O 5. Bd3 b6 6. Nf3 Bb7 7. O-O d5 8. cxd5 exd5 9. a3 Bxc3 10. bxc3 Nc6 11. Bb2 Na5 12. Re1 c5 13. Rb1 Ne4 14. Nd2 c4 15. Bc2 Nxd2 16. Qxd2 Qd7 17. Bc1 f5 18. f3 Bc6 19. Rb4 Rae8 20. Qf2 Rf6 21. Qg3 Nb7 22. Bd2 h6 23. Qf4 g5 24. Qg3 Nd6 25. Rf1 Re7 26. a4 Rg6 27. Qh3 Kh7 28. Ra1 Reg7 29. a5 b5 30. g3 g4 31. fxg4 Rxg4 32. Rf1 Ne4 33. Be1 Qe6 34. Rb1 a6 35. Kh1 Be8 36. Rb2 R4g5 37. Bd1 Qe7 38. Ra2 Nf6 39. Qg2 Bh5 40. Bc2 Ne4 41. Rf4 Qe8 42. Bb1 Bd1 43. Qh3 Bg4 44. Qf1 Qh5 45. Rb2 Bh3 46. Qe2 Rg4 47. Bxe4 fxe4 48. Rf6 Rf7 49. Rxf7+ Qxf7 50. Qf2 Qf3+ 51. Qxf3 exf3 52. Kg1 Kg6 53. Kf2 Bg2 54. Bd2 Kf5 55. Bc1 Ke4 56. Rd2 b4 57. cxb4 c3 58. Rd1 Rg8 59. Ba3 Rc8 60. Ra1 Bh3 61. Bc1 h5 62. Ba3 Bd7 63. h4 Rc4 64. Ra2 Bg4 65. Rc2 Kd3 66. Rc1 c2 67. Re1 Rc3 68. Bc1 Ke4 69. b5 axb5 70. Rg1 b4 71. Rf1 b3 72. a6 Rc6 73. a7 Ra6 74. a8=Q Rxa8 75. Ke1 Kd3 76. Kf2 Ra1 77. Bb2 Rb1 78. Ba3 b2 79. Bxb2 Rxb2 80. Rc1 Rb1 81. Rxc2 Kxc2 82. e4 Kd3 83. exd5 Rb2+ 84. Kg1 f2+ 85. Kg2 Bh3+ 86. Kh1 f1=Q# 0-1

[Event "TCEC Season 22 - Qualification League"]
[Site "https://tcec-chess.com"]
[Date "2022.02.02"]
[Round "15.6"]
[White "Invictus r391b"]
[Black "Chiron 5.01"]
[Result "1/2-1/2"]
[ECO "C07"]
[WhiteElo "3251"]
[BlackElo "3417"]
[Annotator "NA RC"]
[PlyCount "113"]
[EventDate "2022.??.??"]
[SourceTitle "playchess.com"]
[Source "ChessBase"]
[SourceQuality "1"]
[TimeControl "1800+5"]

1. e4 e6 2. d4 d5 3. Nd2 c5 4. Ngf3 Nf6 5. exd5 exd5 6. Bb5+ Bd7 7. Bxd7+ Nbxd7 8. O-O Be7 9. dxc5 Nxc5 10. Nb3 Nce4 11. Nfd4 O-O 12. Nf5 Re8 13. Nxe7+ Rxe7 14. Nd4 h6 15. a4 a6 16. f3 Nc5 17. b3 Ne6 18. Bb2 Nxd4 19. Qxd4 Qc7 20. Rf2 Rae8 21. Raf1 Qc6 22. g3 Qc8 23. Kg2 Rc7 24. Rc1 Qf5 25. Qd2 Nh7 26. Qf4 Qxf4 27. gxf4 Nf6 28. Be5 Rc6 29. Rd1 Rec8 30. Rdd2 Kh7 31. Kh3 Ng8 32. Rxd5 Rxc2 33. Rxc2 Rxc2 34. a5 h5 35. b4 f6 36. Bd6 Nh6 37. Bc5 Rc3 38. Rd7 Nf5 39. Rxb7 Rxf3+ 40. Kg2 Nh4+ 41. Kg1 Rxf4 42. Bf8 Kg8 43. Bd6 Nf3+ 44. Kf2 Ne5+ 45. Ke3 Rh4 46. b5 axb5 47. a6 Ra4 48. a7 Nc4+ 49. Kd3 Nxd6 50. Rb8+ Kf7 51. a8=Q Rxa8 52. Rxa8 Ke6 53. Kd4 Nc4 54. Rb8 Nd2 55. Rxb5 Nf3+ 56. Ke4 Nxh2 57. Rxh5 1/2-1/2

[Event "TCEC Season 22 - Qualification League"]
[Site "https://tcec-chess.com"]
[Date "2022.02.02"]
[Round "16.2"]
[White "ChessFighter 3.10.1"]
[Black "Invictus r391b"]
[Result "1-0"]
[ECO "C92"]
[WhiteElo "3242"]
[BlackElo "3251"]
[Annotator "NA"]
[PlyCount "123"]
[EventDate "2022.??.??"]
[SourceTitle "playchess.com"]
[Source "ChessBase"]
[SourceQuality "1"]
[TimeControl "1800+5"]

1. e4 e5 2. Nf3 Nc6 3. Bb5 a6 4. Ba4 Nf6 5. O-O Be7 6. Re1 b5 7. Bb3 d6 8. c3 O-O 9. h3 Bb7 10. d4 Re8 11. Nbd2 exd4 12. cxd4 Nd7 13. Nf1 Bf6 14. Ng3 Na5 15. Bc2 g6 16. Rb1 c5 17. d5 Nc4 18. b3 Nce5 19. Nh2 c4 20. f4 Nd3 21. Bxd3 cxd3 22. Qxd3 h5 23. Be3 Rc8 24. Nf3 Qa5 25. Bd4 Bxd4+ 26. Qxd4 Qxa2 27. f5 Qa5 28. fxg6 fxg6 29. Ne2 Qc7 30. Nf4 Nf8 31. Qf2 Qe7 32. Qg3 Rc3 33. Nxh5 b4 34. Kh2 Kh8 35. Nf4 Qf6 36. Rbd1 a5 37. Nd3 Kg7 38. Ng5 Re5 39. h4 Ba6 40. Rf1 Rxg5 41. hxg5 Qe7 42. Rf3 Nh7 43. Nf4 Nxg5 44. Rxc3 bxc3 45. Qxc3+ Qf6 46. Qxf6+ Kxf6 47. Ra1 Nxe4 48. Rxa5 Bc8 49. b4 Nc3 50. Ra3 Nb5 51. Re3 Bg4 52. Kg3 Bd1 53. Kf2 Bc2 54. Ne2 Ba4 55. Kf3 Bd1 56. Kf2 Ba4 57. Nc3 Nxc3 58. Rxc3 Ke5 59. Rg3 Kxd5 60. Rxg6 Be8 61. Rh6 Kc4 62. Rxd6 1-0

[Event "TCEC Season 22 - Qualification League"]
[Site "https://tcec-chess.com"]
[Date "2022.02.03"]
[Round "17.4"]
[White "Cheese 3.0.1"]
[Black "Mantissa 3.3.0"]
[Result "1/2-1/2"]
[ECO "D85"]
[WhiteElo "3031"]
[BlackElo "3289"]
[Annotator "NA RC"]
[PlyCount "117"]
[EventDate "2022.??.??"]
[SourceTitle "playchess.com"]
[Source "ChessBase"]
[SourceQuality "1"]
[TimeControl "1800+5"]

1. d4 Nf6 2. c4 g6 3. Nc3 d5 4. cxd5 Nxd5 5. e4 Nxc3 6. bxc3 Bg7 7. Ba3 Nd7 8. Nf3 c5 9. Qb3 O-O 10. Be2 a6 11. e5 b5 12. O-O c4 13. Qd1 Nb6 14. Ng5 Rb8 15. Bf3 h6 16. Ne4 a5 17. Nc5 Nd5 18. Bb2 f6 19. exf6 Rxf6 20. Qe2 Rf7 21. Rab1 Nf4 22. Qe3 Qd6 23. Rbd1 b4 24. Rfe1 Bf5 25. Ne4 Bxe4 26. Bxe4 h5 27. f3 h4 28. Qf2 h3 29. g3 Nd3 30. Bxd3 cxd3 31. Rxd3 Qd5 32. cxb4 Qxa2 33. Bc3 Qc4 34. Qe2 axb4 35. Bb2 Rbf8 36. Kf2 e6 37. Rc1 Qa2 38. Ra1 Qd5 39. Ra6 Kh7 40. Rb6 Rc8 41. Kf1 Re7 42. Rd2 Bh6 43. Rb5 Qxb5 44. Qxb5 Bxd2 45. Qa4 Bc3 46. Bc1 Bxd4 47. Bf4 e5 48. Bd2 Rc4 49. Qb3 Rec7 50. Ke2 Bc3 51. Be3 e4 52. Bf4 exf3+ 53. Kxf3 Rc8 54. Bd6 Bg7 55. Bxb4 Rc3+ 56. Bxc3 Rxc3+ 57. Qxc3 Bxc3 58. Kg4 Kh6 59. Kxh3 1/2-1/2

[Event "TCEC Season 22 - Qualification League"]
[Site "https://tcec-chess.com"]
[Date "2022.02.03"]
[Round "18.4"]
[White "Chiron 5.01"]
[Black "Cheese 3.0.1"]
[Result "1-0"]
[ECO "A43"]
[WhiteElo "3417"]
[BlackElo "3031"]
[Annotator "NA RC"]
[PlyCount "104"]
[EventDate "2022.??.??"]
[SourceTitle "playchess.com"]
[Source "ChessBase"]
[SourceQuality "1"]
[TimeControl "1800+5"]

1. d4 Nf6 2. Nf3 c5 3. d5 b5 4. Bg5 Na6 5. Bxf6 gxf6 6. e4 Nc7 7. a4 bxa4 8. Rxa4 Rg8 9. g3 d6 10. Nh4 Bg4 11. Be2 Bh3 12. Ra3 Qc8 13. Nd2 a6 14. Nc4 Rb8 15. Re3 Nb5 16. c3 Bh6 17. f4 Bf8 18. Bh5 Bh6 19. Qd3 Bg4 20. Bxg4 Qxg4 21. Nf5 Qg6 22. O-O Kf8 23. Na5 Re8 24. Nc6 Qh5 25. c4 Nd4 26. Ncxd4 cxd4 27. Qxd4 Rg4 28. Rb3 Bxf4 29. Rxf4 Rxf4 30. gxf4 Qg4+ 31. Rg3 Qxf4 32. Qd1 Qxe4 33. Qh5 Qb1+ 34. Kg2 Rb8 35. Qh6+ Ke8 36. Rg8+ Kd7 37. Rxb8 Qxf5 38. Qh3 Qxh3+ 39. Kxh3 Kc7 40. Rh8 a5 41. Rxh7 Kd7 42. Rxf7 Ke8 43. Rxe7+ Kxe7 44. Kg4 a4 45. Kf5 Kf7 46. h4 Kg8 47. Kxf6 Kh7 48. c5 Kh6 49. c6 Kh5 50. Kf5 Kxh4 51. c7 a3 52. c8=Q axb2 1-0

[Event "TCEC Season 22 - Qualification League"]
[Site "https://tcec-chess.com"]
[Date "2022.02.03"]
[Round "18.7"]
[White "BlackMarlin 5.0dev3"]
[Black "Velvet 3.1.3"]
[Result "1/2-1/2"]
[ECO "B54"]
[WhiteElo "3356"]
[BlackElo "3216"]
[Annotator "NA RC"]
[PlyCount "89"]
[EventDate "2022.??.??"]
[SourceTitle "playchess.com"]
[Source "ChessBase"]
[SourceQuality "1"]
[TimeControl "1800+5"]

1. e4 c5 2. Nf3 d6 3. d4 cxd4 4. Nxd4 Nf6 5. Bd3 Nc6 6. Be3 Ng4 7. Nxc6 bxc6 8. Bd4 e5 9. Bc3 Be7 10. O-O O-O 11. a4 Nf6 12. Na3 Bg4 13. Qd2 Nh5 14. Nc4 Bg5 15. Ne3 Re8 16. Ba5 Qd7 17. c4 Nf4 18. Rfe1 f5 19. f3 Nxd3 20. Qxd3 fxe4 21. fxe4 Be6 22. Rad1 c5 23. b3 Rab8 24. Nd5 Rb7 25. Bd2 Bxd2 26. Rxd2 h6 27. Ne3 Rb6 28. Rf2 Reb8 29. Rb1 Qd8 30. h3 Kh7 31. Rf3 a5 32. Nc2 Qh4 33. Na3 Bd7 34. Re3 Be8 35. Nb5 d5 36. cxd5 Bxb5 37. axb5 Rxb5 38. Rd1 Rb4 39. Qc3 Qh5 40. Rde1 Qg5 41. Kh1 R8b6 42. Rg3 Qf4 43. Rf3 Qh4 44. Re2 Rf6 45. Kg1 1/2-1/2

[Event "TCEC Season 22 - Qualification League"]
[Site "https://tcec-chess.com"]
[Date "2022.02.03"]
[Round "19.2"]
[White "Velvet 3.1.3"]
[Black "Counter 4.0"]
[Result "0-1"]
[ECO "C02"]
[WhiteElo "3216"]
[BlackElo "3300"]
[Annotator "NA"]
[PlyCount "108"]
[EventDate "2022.??.??"]
[SourceTitle "playchess.com"]
[Source "ChessBase"]
[SourceQuality "1"]
[TimeControl "1800+5"]

1. e4 e6 2. d4 d5 3. e5 c5 4. c3 Nc6 5. Nf3 Bd7 6. a3 c4 7. Nbd2 Na5 8. h4 Be7 9. g3 Bc6 10. Bh3 Qd7 11. Nf1 Bd8 12. Bf4 Nb3 13. Rb1 Ba4 14. Qe2 Ne7 15. N3d2 Nxd2 16. Kxd2 Ba5 17. Qg4 Nf5 18. Kc1 Qb5 19. Qe2 Ne7 20. Nd2 Qb6 21. g4 O-O-O 22. h5 h6 23. Bg3 Nc6 24. Qe3 Kb8 25. f4 Ka8 26. f5 Rc8 27. Bf2 Qc7 28. g5 f6 29. exf6 gxf6 30. g6 e5 31. Nf3 Bb6 32. Bg3 Qd8 33. g7 Rg8 34. Bf2 Rxg7 35. Ra1 exd4 36. cxd4 Re7 37. Qc3 Ba5 38. Re1 Bxc3 39. bxc3 Rxe1+ 40. Nxe1 Qa5 41. Kd2 Qb5 42. Ke2 Qb2+ 43. Kf1 Qxa1 44. Bg2 Qxc3 45. Nf3 Rg8 46. Nh4 Nxd4 47. Ng6 Qc1+ 48. Be1 Re8 49. Ne5 Rxe5 50. Be4 Rxe4 51. Kg2 Rxe1 52. Kh3 Qxa3+ 53. Kg2 Nxf5 54. Kf2 Qg3# 0-1

[Event "TCEC Season 22 - Qualification League"]
[Site "https://tcec-chess.com"]
[Date "2022.02.04"]
[Round "21.4"]
[White "Bit-Genie 9.23"]
[Black "ChessFighter 3.10.1"]
[Result "1-0"]
[ECO "C07"]
[WhiteElo "3305"]
[BlackElo "3242"]
[Annotator "NA RC"]
[PlyCount "135"]
[EventDate "2022.??.??"]
[SourceTitle "playchess.com"]
[Source "ChessBase"]
[SourceQuality "1"]
[TimeControl "1800+5"]

1. e4 e6 2. d4 d5 3. Nd2 c5 4. Ngf3 Nf6 5. exd5 exd5 6. Bb5+ Bd7 7. Bxd7+ Nbxd7 8. O-O Be7 9. dxc5 Nxc5 10. Nb3 Nce4 11. Be3 O-O 12. c3 Re8 13. Re1 Qc7 14. Bd4 Bf8 15. Qc2 b5 16. a3 a5 17. Nbd2 Qc6 18. Nxe4 Nxe4 19. h3 b4 20. axb4 axb4 21. Rxa8 Rxa8 22. Ne5 Qb7 23. cxb4 Rc8 24. Qd3 Qxb4 25. Rd1 Qb7 26. Ng4 Rd8 27. Rb1 Qb4 28. Rc1 Qd6 29. Ne5 Qe6 30. Qd1 Qe8 31. Nd3 h6 32. Nf4 Be7 33. Bb6 Rd6 34. Bc7 Rd7 35. Qa4 Bh4 36. Nd3 Qe6 37. Bb6 Qf5 38. Qa8+ Kh7 39. Rc8 Nf6 40. Rh8+ Kg6 41. Qa3 Bg5 42. g3 d4 43. f4 Qe4 44. fxg5 hxg5 45. h4 Ng4 46. h5+ Kf5 47. Qc5+ Kf6 48. Qc1 Ne3 49. Qd2 Ke7 50. Qe2 Rd5 51. g4 f5 52. b4 Nxg4 53. Bc5+ Kd7 54. Ne5+ Rxe5 55. Qb5+ Qc6 56. Rd8+ Kxd8 57. Qxc6 Re1+ 58. Kg2 Rd1 59. Qd6+ Kc8 60. Qe6+ Kc7 61. Bd6+ Kb7 62. Qd5+ Kb6 63. Qc5+ Ka6 64. Qa5+ Kb7 65. Qb5+ Ka7 66. Bc5+ Ka8 67. Qa6+ Kb8 68. Bd6# 1-0